 Dungeon Crawl Stone Soup version 0.31-a0-675-g238779eb0a (webtiles) character file.

Game seed: 4102164066820443494

102 ytrimaz the Insei (level 4, 0/28 HPs)
             Began as an Octopode Shapeshifter on Sept 5, 2023.
             Was a Follower of Trog.
             Slain by an iguana (9 damage)
             ... on level 4 of the Dungeon.
             The game lasted 00:01:46 (1218 turns).

ytrimaz the Insei (Octopode Shapeshifter)           Turns: 1218, Time: 00:01:47

Health: 0/28       AC:  1    Str: 13    XL:     4   Next: 77%
Magic:  4/4        EV: 13    Int: 12    God:    Trog [*.....]
Gold:   99         SH:  0    Dex: 13    Spells: 3/3 levels left

rFire   . .          .
                       - Unarmed
rCold   . . .        (no shield)
rNeg    . . .        (helmet currently unavailable)
rPois   .            e - amulet of regeneration
rElec   .            (no ring)
rCorr   .            (no ring)
SInv    .            (no ring)
Will    .....        (no ring)
Stlth   ++           (no ring)
HPRegen 1.04/turn    (no ring)
MPRegen 0.09/turn    (no ring)
                     (no ring)

%: no passive effects
@: beast-form
A: beast (slay +2), almost no armour, amphibious, 8 rings, camouflage 1,
gelatinous body 1, (nimble swimmer 1), tentacles
a: Begin Untransformation, Renounce Religion, Berserk


You were on level 4 of the Dungeon.
You worshipped Trog.
Trog was aware of your devotion.
You were a hulking beast.
You visited 1 branch of the dungeon, and saw 3 of its levels.

You collected 99 gold pieces.


Innate Abilities, Weirdness & Mutations

You are a hulking beast.
Your limbs bulge with bestial killing power. (Slay +2)
You cannot wear most types of armour.
You are amphibious.
You can wear up to eight rings at the same time.
Your skin changes colour to match your surroundings (Stealth+).
Your rubbery body absorbs attacks. (AC +1, EV +1)
((You are camouflaged when in or above water. (Stealth+)))
You have tentacles for arms and can constrict up to eight enemies at once.


   Skills:
 - Level 1.0 Fighting
 - Level 2.0 Dodging
 + Level 4.3 Unarmed Combat
 + Level 4.1 Shapeshifting


You had 3 spell levels left.
You didn't know any spells.
Your spell library contained the following spells:

 Spells                   Type           Power      Damage    Failure   Level
 Kiss of Death            Conj/Necr      0%         2d5       32%         1
 Necrotise                Necr           0%         1d4       32%         1
 Sublimation of Blood     Necr           0%         N/A       45%         2
 Animate Dead             Necr           0%         N/A       97%         4

Inventory:

Jewellery
 e - an amulet of regeneration (around mantle)
   (You found it on level 1 of the Dungeon)
Talismans
 b - a beast talisman (active)
 c - a flux talisman
Scrolls
 d - a scroll of revelation {unknown}
 f - a scroll of teleportation {unknown}
 h - a scroll of amnesia {unknown}
 i - a scroll of identify {unknown}
Potions
 a - a potion of lignification

Dungeon Overview and Level Annotations

Branches:
Dungeon (2/15) Zot: 16787

Altars:
Kikubaaqudgha
Trog

#####.....####
#........))§.#
#.##..§§#.#§§..#
#..≈§§#.#≈≈≈..#
#...≈≈§≈#.#§≈≈≈..#
##.≈≈≈≈≈#.#≈≈≈≈≈.#
#..§§≈≈≈#.#≈≈§≈≈..#
#.≈§#####.#####§≈.#
#.§≈#......hl.#§§.#
..§§##.#####.##
#..≈≈## ... ..##
.#. ###. .. ##


You could see an iguana.


Message History

The orc priest hits you but does no damage.
Unknown command.
The orc priest hits you but does no damage.
The orc priest hits you but does no damage.
The orc priest begins to cast a cantrip, but forgets the words!
Unknown command.
The orc priest hits you from afar with a +2 vampiric trident. 😕 HP[-4]
You take 4 damage, and now have 38/42 hp.
The orc priest hits you but does no damage. 😕 HP[+2]
You regained 2 hp, and now have 40/42 hp.
The orc priest hits you but does no damage. 😕 HP[+1]
The orc priest hits you but does no damage. 😎 HP[+1]
Your hp is fully restored (42).
The orc priest casts a cantrip, but nothing happens.
The orc priest hits you but does no damage.
The orc priest hits you but does no damage.
The orc priest hits you but does no damage.
The orc priest hits you but does no damage.
Your transformation is almost over.
The orc priest hits you but does no damage.
The orc priest invokes the aid of Beogh against you.
Beogh smites you! 😮 HP[-12]
You take 12 damage, and now have 30/42 hp.
MASSIVE DAMAGE!! (PAUSE)
The orc priest completely misses you. 😮 HP[+1]
The orc priest hits you but does no damage. 😕 HP[+1] Unknown command.
The orc priest hits you but does no damage. 😕 HP[+1]
The orc priest hits you but does no damage. 😕 HP[+1] Unknown command.
The orc priest hits you but does no damage. 😕 HP[+2]
You regained 2 hp, and now have 36/42 hp.
The orc priest hits you but does no damage. 😕 HP[+1]
The orc priest hits you but does no damage. 😕 HP[+1]
You feel less wooden.
You turn into a hulking beast.
The orc priest hits you from afar with a +2 vampiric trident. 😕 HP[-14]
You now have 28 max hp (-14).
The orc priest barely misses you.
Items here: )) ††. 😕 HP[+1]
You closely miss the orc priest. You grab the orc priest.
You squeeze the orc priest! You constrict the orc priest.
The orc priest completely misses you. 😕 HP[+1] Unknown command.
You bludgeon the orc priest!
You kill the orc priest!
Trog accepts your kill.
Your Shapeshifting skill increases to level 4! 😕 HP[+1]
Things that are here:
a +2 vampiric trident; an orc corpse; 😎 HP[+1]
Your hp is fully restored (28).
Things that are here:
a +2 vampiric trident; an orc corpse
Items here: )) ††.
Things that are here:
a +0 dagger; a +1 war axe of electrocution; an orc corpse You now have 99 gold pieces (gained 6).
An iguana comes into view.
An iguana is nearby!
An iguana is nearby!
Unknown command.
The helpless iguana fails to defend itself.
You tentacle-slap the iguana but do no damage.
You grab the iguana.
You squeeze the iguana, but do no damage.
You constrict the iguana. The iguana bites you! 😮 HP[-13]
You take 13 damage, and now have 15/28 hp.
MASSIVE DAMAGE!! (PAUSE)
You tentacle-slap the iguana.
You constrict the iguana, but do no damage.
The iguana bites you!
* * * LOW HITPOINT WARNING * * *
😱 HP[-8]
You take 8 damage, and now have 7/28 hp.
MASSIVE DAMAGE!! (PAUSE)
You tentacle-slap the iguana. You constrict the iguana.
The iguana barely misses you. 😨 HP[+1] Unknown command.
You tentacle-slap the iguana but do no damage.
You squeeze the iguana, but do no damage.
You constrict the iguana. The iguana bites you!
You die...

Skill      XL: |  1  2  3  4 |
---------------+-------------+-----
Unarmed Combat | 4 |  4.3
Shapeshifting  | 4 |  4.1
Fighting       | |  1.0
Dodging        | |  2.0

Action                     |  1- 3 |  4- 6 || total
---------------------------+-------+-------++-------
  Melee: Unarmed           |    62 |    19 ||    81
         Tentacles         |    10 |     4 ||    14
         Constrict         |    23 |     3 ||    26
         Punch             |     2 |     1 ||     3
    Use: Potion            |       |     2 ||     2
   Stab: Sleeping          |     6 |     1 ||     7
 Armour: Skin              |    24 |    32 ||    56
  Dodge: Dodged            |    41 |     5 ||    46

Levels and vault maps discovered:
D:1:      roderic_crop_circles_arrival_small, layout_rooms
D:2:      layout_loops_ring, basic_altar, nicolae_ecumenical_snake_handling,
          minmay_pentomino_t4
D:4:      layout_loops_ring, grunt_dithmenos_smoke_and_mirrors,
          nicolae_gozag_cash_rules_everything_around_me, xom_redecorated,
          nicolae_ashenzari_panopticon, grunt_decor_junction

Notes
Turn   | Place    | Note
-------+----------+-------------------------------------------
     0 | D:1      | ytrimaz the Octopode Shapeshifter began the quest for the
                  | Orb.
     0 | D:1      | Reached XP level 1. HP: 13/13 MP: 1/1
     0 | D:1      | magus.rc [v1.9.6]
    75 | D:1      | Reached XP level 2. HP: 17/18 MP: 2/2
   470 | D:2      | Found a faded altar of an unknown god.
   476 | D:2      | Reached XP level 3. HP: 21/23 MP: 3/3
   483 | D:2      | Identified the +0 robe "Xutyrr" {rN++ Dex+2}
   495 | D:2      | Prayed at the altar of an unknown god.
   495 | D:2      | Became a worshipper of Kikubaaqudgha
   495 | D:2      | Reached * piety under Kikubaaqudgha
   495 | D:2      | You add the spells Kiss of Death, Necrotise, Sublimation of
                  | Blood and Animate Dead to your library.
   495 | D:2      | Received a gift from Kikubaaqudgha
   531 | D:2      | Found a bloodstained altar of Trog.
   540 | D:2      | Fell from the grace of Kikubaaqudgha
   540 | D:2      | Became a worshipper of Trog the Wrathful
   909 | D:2      | Reached skill level 4 in Unarmed Combat
   909 | D:2      | Reached XP level 4. HP: 25/28 MP: 4/4
  1148 | D:2      | You fall into a shaft and drop 2 floors!
  1169 | D:4      | Reached * piety under Trog
  1201 | D:4      | Reached skill level 4 in Shapeshifting
  1216 | D:4      | HP: 7/28 [iguana (9)]
  1218 | D:4      | Slain by an iguana

Vanquished Creatures
  An orc priest (D:4)
  An adder (D:2)
  2 dart slugs
  4 orcs (D:4)
  5 endoplasms
  2 giant cockroaches
  3 goblins
  7 hobgoblins
  4 jackals (D:2)
  4 kobolds
  A quokka (D:1)
  6 ball pythons
  3 bats
  A frilled lizard (D:1)
  4 rats
48 creatures vanquished.

Table legend:
 A = Non-vault XP
 B = Vault XP
 C = Vault XP percentage of total XP
 D = Non-vault monster count
 E = Vault monster count
 F = Vault count percentage of total count
                 A         B        C        D         E       F
            +---------+---------+-------+---------+---------+-------
      Total |     125 |      21 |  14.4 |      42 |       6 |  12.5
            +---------+---------+-------+---------+---------+-------
        D:1 |      31 |       0 |   0.0 |      17 |       0 |   0.0
        D:2 |      35 |      21 |  37.5 |      18 |       6 |  25.0
        D:4 |      59 |       0 |   0.0 |       7 |       0 |   0.0
            +---------+---------+-------+---------+---------+-------

Skill      XL: |  1  2  3  4 |
---------------+-------------+-----
Unarmed Combat | 4 |  4.3
Shapeshifting  | 4 |  4.1
Fighting       | |  1.0
Dodging        | |  2.0

Action                     |  1- 3 |  4- 6 || total
---------------------------+-------+-------++-------
  Melee: Unarmed           |    62 |    19 ||    81
         Tentacles         |    10 |     4 ||    14
         Constrict         |    23 |     3 ||    26
         Punch             |     2 |     1 ||     3
    Use: Potion            |       |     2 ||     2
   Stab: Sleeping          |     6 |     1 ||     7
 Armour: Skin              |    24 |    32 ||    56
  Dodge: Dodged            |    41 |     5 ||    46

Illustrated notes

Table legend:
 A = Kills in this place as a percentage of kills in the entire game.
 B = Kills by you in this place as a percentage of kills by you in the entire game.
 C = Kills by friends in this place as a percentage of kills by friends in the entire game.
 D = Other kills in this place as a percentage of other kills in the entire game.
 E = Experience gained in this place as a percentage of experience gained in the entire game.
 F = Experience gained in this place divided by the number of levels of this place that you have seen.
                   A       B       C       D       E      F
               +-------+-------+-------+-------+-------+----------------------
         Total | 100.0 | 100.0 |   N/A |   N/A | 100.0 |  48.7
       Dungeon | 100.0 | 100.0 |   N/A |   N/A | 100.0 |  48.7
               +-------+-------+-------+-------+-------+----------------------

Table legend: (Time is in decaauts)
 A = Elapsed time spent in this place.
 B = Non-inter-level travel time spent in this place.
 C = Inter-level travel time spent in this place.
 D = Time resting spent in this place.
 E = Time spent auto-exploring this place.
 F = Levels seen in this place.
 G = Mean time per level.
                   A        B        C        D        E       F      G
               +--------+--------+--------+--------+--------+-----+--------+
         Total |   1212 |   1164 |     48 |      0 |    844 |   3 |  404.0 |
       Dungeon |   1212 |   1164 |     48 |      0 |    844 |   3 |  404.0 |
               +--------+--------+--------+--------+--------+-----+--------+

Top non-repeatable levels by time:
     D:2: 693 daAuts
     D:1: 449 daAuts
     D:4: 68 daAuts
